 Dungeon Crawl Stone Soup version 0.18-a0-1292-ge8ad84c (webtiles) character file.

67 namelastname112 the Cudgeler (level 3, -1/33 HPs)
             Began as a Draconian Chaos Knight on Feb 9, 2016.
             Slain by a quokka (3 damage)
             ... on level 2 of the Dungeon.
             The game lasted 00:01:47 (1272 turns).

namelastname112 the Cudgeler (DrCK)                 Turns: 1272, Time: 00:01:48

Health: -1/33      AC:  5    Str: 14    XL:     3   Next: 98%
Magic:  12/12      EV: 12    Int: 12    God:    Xom [..*...]
Gold:   117        SH:  0    Dex: 11    Spells: 0 memorised, 2 levels left

rFire  . . .     SeeInvis .     a - +0 mace (chaos)
rCold  . . .     Gourm    .     (armour unavailable)
rNeg   . . .     Faith    .     (no shield)
rPois  .         Spirit   .     (helmet restricted)
rElec  .         Dismiss  .     (no cloak)
rCorr  .         Reflect  .     (no gloves)
SustAt .         Harm     .     (no boots)
MR     .....                    (no amulet)
Stlth  +.........               (no ring)
                                h - ring of magical power

@: not resistant to hostile enchantments, very unstealthy
A: unfitting armour, cold-blooded, AC +5
a: Renounce Religion


You were on level 2 of the Dungeon.
You worshipped Xom.
You were a toy of Xom.
You were not hungry.

You visited 1 branch of the dungeon, and saw 2 of its levels.

You collected 117 gold pieces.

Inventory:

Hand Weapons
 a - a +0 mace of chaos (weapon)
Jewellery
 h - a ring of magical power (left hand)
Scrolls
 e - 2 scrolls of recharging {unknown}
 g - a scroll of amnesia {unknown}
 i - a scroll of enchant armour {unknown}
Potions
 c - 2 potions of agility {unknown}
 d - a potion of heal wounds {unknown}
 f - a potion of invisibility {unknown}
 j - a potion of flight {unknown}
 k - a potion of curing {unknown}
Comestibles
 b - 3 bread rations
 l - 3 fruits
 n - a beef jerky


   Skills:
 + Level 3.9 Fighting
 * Level 4.0 Maces & Flails
 + Level 2.7 Dodging


You had 2 spell levels left.
You didn't know any spells.

Dungeon Overview and Level Annotations

Branches:
Dungeon (2/15)

Altars:


Innate Abilities, Weirdness & Mutations

Your plain brown scales are hard (AC +5).
Your body does not fit into most forms of armour.
You are cold-blooded and may be slowed by cold attacks.


Message History

Press: ? - help, v - describe, . - travel
Here: a kobold, wielding an enchanted short sword The floor.
The quokka completely misses you. The quokka barely misses you.
You hit the quokka.
The quokka is heavily wounded.
The quokka misses you. The quokka barely misses you.
The kobold hits you with an enchanted short sword.
* * * LOW HITPOINT WARNING * * *
Unknown command.
You hit the quokka but do no damage.
The quokka is poisoned.
The quokka is heavily wounded.
The quokka misses you. x2; The kobold misses you.
Unknown command.
You barely miss the quokka.
The quokka is heavily wounded.
The quokka bites you.
You die... "I guess I need a new plaything now."

.)...........#.#.....
.............#.#.....
#.#...............
#..#...##........#
##..##..#.#....#.#
##..#†..........######
+#...#.....##.......#
##Kr###...###..###..
##@...........###..
###............#..
##.......)......... .
##....#.####...#....
.##..#..#.##....#.....
##...#.......##.......
#.........#####.......
.........## ##......
....##..## #......


You could see a quokka (berserk) and a kobold.

Vanquished Creatures
  2 adders (D:2)
  2 oozes (D:1)
  A ball python (D:1)
  A giant cockroach (D:2)
  5 goblins (D:1)
  4 hobgoblins
  6 jackals
  6 kobolds (D:1)
  6 bats (D:1)
  2 giant newts (D:1)
  2 rats
37 creatures vanquished.

Notes
Turn   | Place    | Note
--------------------------------------------------------------
     0 | D:1      | namelastname112 the Draconian Chaos Knight began the quest for the Orb.
     0 | D:1      | Reached XP level 1. HP: 19/19 MP: 1/1
    39 | D:1      | Reached XP level 2. HP: 15/26 MP: 2/2
   186 | D:1      | XOM: harmless Divn miscast
   631 | D:1      | Reached XP level 3. HP: 23/31 MP: 3/3
  1131 | D:2      | XOM: potion effect (might)
  1136 | D:2      | Reached skill level 4 in Maces & Flails
  1266 | D:2      | XOM: harmless Tloc miscast
  1272 | D:2      | Slain by a quokka

Vault maps used:
D:1:      tarquinn_simple_flora_water_d, st_stairs_2, dk_noncrumbling_3,
          grunt_decor_resistance
D:2:      tso_metal_star, nicolae_overflow_hidden_temple, uniq_natasha

Action                   || total
-------------------------++-------
Melee: Mace              ||    95
  Eat: Chunk             ||     1
